 Seeded DCSS version 0.28-a0-1087-gf3fc490d9d (webtiles) character file.

Game seed: 201572053250452039 (custom seed)

11 croobank the Poker (level 2, -4/29 HPs)
             Began as a Gnoll Cinder Acolyte on Dec 10, 2021.
             Was a High Priest of Ignis.
             Slain by Natasha (7 damage)
             ... on level 2 of the Dungeon.
             The game lasted 00:04:13 (603 turns).

croobank the Poker (Gnoll Cinder Acolyte)            Turns: 603, Time: 00:04:13

Health: -4/29      AC:  3    Str: 13    XL:     2   Next: 25%
Magic:  5/5        EV: 11    Int: 13    God:    Ignis [*****.]
Gold:   40         SH:  0    Dex:  7    Spells: 6/6 levels left

rFire   + . .      SeeInvis .   a - -1 spear (flame)
rCold   . . .      Faith    .   (no shield)
rNeg    . . .      Spirit   .   b - +0 robe
rPois   .          Reflect  .   (no helmet)
rElec   .          Harm     .   f - +0 cloak
rCorr   .          Rampage  .   (no gloves)
Will    .....                   (no boots)
Stlth   +.........              (no amulet)
HPRegen 0.09/turn               (no ring)
MPRegen 0.09/turn               (no ring)

@: mighty, slowed, very slow
A: fangs 1, strong nose, distributed training
a: Renounce Religion, Fiery Armour, Foxfire Swarm, Rising Flame


You were on level 2 of the Dungeon.
You worshipped Ignis.
Ignis was extremely pleased with you.
You visited 1 branch of the dungeon, and saw 2 of its levels.

You collected 40 gold pieces.

Inventory:

Hand Weapons
 a - a -1 spear of flaming (weapon)
 g - a +0 lajatang
Armour
 b - a +0 robe (worn)
 f - a +0 cloak (worn)
Scrolls
 d - a scroll of noise {unknown}
 e - a scroll of identify


   Skills:
 + Level 6.4 Fighting
 + Level 0.3 Short Blades
 + Level 0.3 Long Blades
 + Level 0.3 Axes
 + Level 0.3 Maces & Flails
 + Level 6.4 Polearms
 + Level 0.3 Staves
 + Level 0.3 Slings
 + Level 0.3 Bows
 + Level 0.3 Crossbows
 + Level 0.3 Throwing
 + Level 0.3 Armour
 + Level 0.3 Dodging
 + Level 0.3 Stealth
 + Level 0.3 Shields
 + Level 0.3 Unarmed Combat
 + Level 2.7 Spellcasting
 + Level 0.2 Conjurations
 + Level 0.2 Hexes
 + Level 0.2 Summonings
 + Level 0.2 Necromancy
 + Level 0.2 Translocations
 + Level 0.2 Transmutations
 + Level 5.3 Fire Magic
 + Level 0.2 Ice Magic
 + Level 0.2 Air Magic
 + Level 0.2 Earth Magic
 + Level 0.2 Poison Magic
 + Level 0.4 Invocations
 + Level 0.3 Evocations


You had 6 spell levels left.
You didn't know any spells.
Your spell library contained the following spells:

 Spells                   Type           Power      Damage    Failure   Level
 Scorch                   Fire           30%        2d7       4%          2
 Summon Lightning Spire   Summ/Air       2%         N/A       91%         4
 Storm Form               Tmut/Air       1%         N/A       100%        7
 Maxwell's Capacitive Co  Air            1%         ∞         100%        8


Dungeon Overview and Level Annotations

Branches:
Dungeon (2/15)

Altars:

Annotations:
D:2 Natasha


Innate Abilities, Weirdness & Mutations

You have very sharp teeth.
Your uncanny sense of smell can sniff out nearby items.
Your experience applies equally to all skills.


Message History

The jackal bites you. The jackal closely misses you. x2
You hit the jackal. You burn the jackal.
You kill the jackal!
The jackal barely misses you. The jackal bites you.
Something barely misses you.
You hit the rat. You burn the rat.
You kill the rat!
The jackal closely misses you. x2; Something claws you but does no damage.
You don't know any spells.
The jackal bites you. x2; The jackal closely misses you.
The jackal bites you but does no damage.
You hear some strange, mumbled words.
You feel yourself slow down.
You don't know any spells.
The jackal barely misses you. The jackal closely misses you.
Something claws you. The jackal closely misses you.
The jackal completely misses you.
You don't know any spells.
The jackal bites you but does no damage.
The jackal barely misses you. Something claws you. The jackal bites you.
The jackal barely misses you. Something claws you.
Okay, then.
Okay, then.
You feel very mighty all of a sudden.
The jackal bites you but does no damage.
The jackal closely misses you. Something claws you but does no damage.
The jackal bites you but does no damage.
The jackal bites you.
* * * LOW HITPOINT WARNING * * *
You closely miss something.
The iron imp disappears in a puff of smoke!
The jackal bites you.
* * * LOW HITPOINT WARNING * * *
The jackal closely misses you. Something claws you.
* * * LOW HITPOINT WARNING * * *
The jackal misses you. The jackal bites you.
* * * LOW HITPOINT WARNING * * *
You hit something. You burn something. Your bite misses something.
Something claws you!
You die...

##############..##
..................
#.##............## #
#.##.########†#... #.
#.##.# #.#...
#.##.##.########.#.##
#.##................#...
#.....†.##......####<...
#..#.##@#######.# #####
.. #{hh....##.# .
#..####.##.# .... #.#
.#..# #.# #.#..# #.# #
#... .# ...#


You could see 2 jackals.

Vanquished Creatures
  2 goblins (D:1)
  A hobgoblin (D:1)
  2 jackals (D:2)
  A kobold (D:1)
  2 bats (D:1)
  A frilled lizard (D:1)
  A rat (D:2)
10 creatures vanquished.

Notes
Turn   | Place    | Note
-------+----------+-------------------------------------------
     0 | D:1      | croobank the Gnoll Cinder Acolyte began the quest for the
                  | Orb.
     0 | D:1      | Reached XP level 1. HP: 23/23 MP: 4/4
   323 | D:1      | Reached XP level 2. HP: 29/29 MP: 5/5
   587 | D:2      | Noticed Natasha
   603 | D:2      | Slain by Natasha

Illustrated notes

Levels and vault maps discovered:
D:1:      dpeg_arrival_renting, layout_rooms, amcnicky_mini_pool_small,
          kennysheep_nondescript
D:2:      layout_basic, basic_altar, serial_shops, shop, minmay_crystal_water,
          uniq_natasha

Action                   || total
-------------------------++-------
Melee: Spear             ||    38
       Bite              ||     2
  Use: Scroll            ||     2
       Potion            ||     2
Armor: Robe              ||    14
Dodge: Dodged            ||    36

Table legend: (Time is in decaauts)
 A = Elapsed time spent in this place.
 B = Non-inter-level travel time spent in this place.
 C = Inter-level travel time spent in this place.
 D = Time resting spent in this place.
 E = Time spent auto-exploring this place.
 F = Levels seen in this place.
 G = Mean time per level.
                   A        B        C        D        E       F      G
               +--------+--------+--------+--------+--------+-----+--------+
         Total |    596 |    573 |     23 |     17 |    388 |   2 |  298.0 |
       Dungeon |    596 |    573 |     23 |     17 |    388 |   2 |  298.0 |
               +--------+--------+--------+--------+--------+-----+--------+

Top non-repeatable levels by time:
     D:1: 547 daAuts
     D:2: 48 daAuts
